 Dungeon Crawl Stone Soup version 0.31-a0-237-g2d982f9f85 (webtiles) character file.

Game seed: 6509341504739342767

109 qw the Trooper (level 4, 0/29 HPs)
             Began as a Gargoyle Hexslinger on July 10, 2023.
             Slain by a kobold
             ... wielding a +0 short sword
              (3 damage)
             ... on level 2 of the Dungeon.
             The game lasted 00:00:19 (1162 turns).

qw the Trooper (Gargoyle Hexslinger)                Turns: 1162, Time: 00:00:20

Health: 0/29       AC:  6    Str: 11    XL:     4   Next: 90%
Magic:  5/5        EV: 11    Int: 14    God:
Gold:   6          SH:  0    Dex: 14    Spells: 4/5 levels left

rFire   . . .        Y - +1 sling (heavy)
rCold   . . .        (no shield)
rNeg    + . .        a - +0 leather armour
rPois   inf          (no helmet)
rElec   +            (no cloak)
rCorr   +            (no gloves)
SInv    .            (no boots)
Will    .....        (no amulet)
Stlth   +            d - ring of resist corrosion
HPRegen 0.24/turn    (no ring)
MPRegen 0.09/turn

%: no passive effects
@: no status effects
A: sickness immunity, AC +3, negative energy resistance 1, electricity
resistance, torment resistance 1, petrification resistance
a: no special abilities


You were on level 2 of the Dungeon.
You visited 1 branch of the dungeon, and saw 2 of its levels.

You collected 58 gold pieces.
You spent 52 gold pieces at shops.


Innate Abilities, Weirdness & Mutations

You are immune to sickness and miasma.
Your stone body is resilient. (AC +3)
You are immune to poison.
You resist negative energy. (rN+)
You are resistant to electric shocks. (rElec)
You are resistant to unholy torment.
You are immune to petrification.


   Skills:
 - Level 4.2 Fighting
 + Level 3.1 Ranged Weapons
 - Level 1.5 Dodging
 - Level 1.0 Spellcasting
 - Level 2.6 Hexes


You had 4 spell levels left.
You knew the following spells:

 Your Spells              Type           Power      Damage    Failure   Level
a - Slow                  Hex            32%        N/A       12%         1

Your spell library contained the following spells:

 Spells                   Type           Power      Damage    Failure   Level
 Inner Flame              Hex/Fire       4%         N/A       52%         3
 Portal Projectile        Hex/Tloc       8%         N/A       52%         3
 Cause Fear               Hex            4%         N/A       75%         4

Inventory:

Hand Weapons
 Y - a +1 heavy sling (weapon)
Armour
 a - a +0 leather armour (worn)
Jewellery
 d - a ring of resist corrosion (left hand)
Potions
 b - a potion of attraction {unknown}
 g - a potion of brilliance {unknown}

Dungeon Overview and Level Annotations

Branches:
Dungeon (2/15)

Altars:

Shops:
D:2 [:

Annotations:
D:2 Sigmund


Message History

Things that are here:
a +0 rapier; a hobgoblin corpse
Found a faded altar of an unknown god.
Enter note:
Enter note:
Enter note:
Enter note: A kobold comes into view. It is wielding a +0 short sword.
The kobold shouts!
Enter note:
Enter note:
Enter note:
Enter note: You shoot a sling bullet.
The sling bullet misses the kobold.
You hear a shout!
Sigmund the Dreaded comes into view.
He is wielding a +1 scythe of flaming.
You shoot a sling bullet. The sling bullet hits Sigmund.
Sigmund is lightly wounded.
Sigmund hits you from afar with a +1 scythe of flaming.
Sigmund burns you.
1157 ||| Stepping ~*~*~tactically~*~*~ (outnumbered).
There is a dry fountain here.
You start resting.
Sigmund is nearby!
You shoot a sling bullet. The sling bullet hits Sigmund!
Sigmund is heavily wounded.
Sigmund hits you with a +1 scythe of flaming!
Sigmund burns you. Sigmund misses you.
You shoot a sling bullet. The sling bullet hits Sigmund!
Sigmund is almost dead.
Sigmund misses you.
You shoot a sling bullet. The sling bullet barely misses Sigmund.
The sling bullet closely misses the kobold.
Sigmund hits you with a +1 scythe of flaming.
Sigmund burns you.
You shoot a sling bullet. The sling bullet barely misses Sigmund.
Sigmund hits you with a +1 scythe of flaming.
Sigmund burns you.
The kobold hits you with a +0 short sword.
You die...

#...... ... .## #...#..
#.... .#. #...#.. .....
.. #...... ....# .8
##.#### #.#}# #K #.##
#...#_ #..# #.8.@## ##.#
#..8K@# #.# #.#...##
####.### #..###.#
#....... .... #..##
#.##..##
...####...########.##...#
.. +.....................
. ####...########..#...#
#..## #..##.## #.##
#.......


You could see Sigmund and a kobold.

Vanquished Creatures
  An ogre (D:2)
  2 ball pythons
  2 endoplasms
  3 giant cockroaches
  3 goblins
  3 hobgoblins
  2 kobolds
  2 quokkas
  3 bats
  A frilled lizard (D:2)
  A rat (D:2)
23 creatures vanquished.

Notes
Turn   | Place    | Note
-------+----------+-------------------------------------------
     0 | D:1      | qw the Gargoyle Hexslinger began the quest for the Orb.
     0 | D:1      | Reached XP level 1. HP: 12/12 MP: 2/2
     0 | D:1      | 0 ||| qw: Version: 0.3-a-52-g30416fa
     0 | D:1      | 0 ||| qw: Game counter: 4968
     0 | D:1      | 0 ||| qw: Melee chars always use a shield: true
     0 | D:1      | 0 ||| qw: God list: Okawaru
     0 | D:1      | 0 ||| qw: Allow faded altars: false
     0 | D:1      | 0 ||| qw: Do Orc after clearing Dungeon:15 true
     0 | D:1      | 0 ||| qw: Do second Lair branch before Depths: true
     0 | D:1      | 0 ||| qw: Lair rune preference: random
     0 | D:1      | 0 ||| qw: Goals: Normal
     0 | D:1      | 0 ||| PLANNING D:1-11
   214 | D:1      | Reached XP level 2. HP: 16/16 MP: 3/3
   289 | D:1      | Reached skill level 3 in Ranged Weapons
   663 | D:1      | 663 ||| UPGRADING to ring of resist corrosion.
   664 | D:1      | 664 ||| READING scroll labelled AKHUPI XEEGGUI.
   669 | D:1      | 669 ||| READING scroll labelled BIFOSE BUOPH.
   670 | D:1      | 670 ||| READING scroll labelled OVEDIC EMPI.
   671 | D:1      | 671 ||| READING scroll labelled OJIPOGO GESI.
   672 | D:1      | 672 ||| DROPPING scroll of poison.
   706 | D:2      | Noticed an ogre
   714 | D:2      | HP: 1/17 [ogre/+0 giant club (15)]
   716 | D:2      | Killed an ogre
   717 | D:2      | Reached skill level 4 in Fighting
   717 | D:2      | Reached XP level 3. HP: 3/24 MP: 4/4
   717 | D:2      | Reached XP level 4. HP: 4/29 MP: 5/5
   906 | D:2      | Found Kerrax's Antique Armour Shop.
   911 | D:2      | 911 ||| SHOPLISTING glowing ring mail (182 gold, have 52).
   911 | D:2      | 911 ||| SHOPLISTING glowing robe (96 gold, have 52).
   911 | D:2      | 911 ||| BUYING leather armour (52 gold).
   911 | D:2      | Bought a leather armour for 52 gold pieces
   911 | D:2      | 911 ||| SHOPLISTING ring mail (104 gold, have 0).
   911 | D:2      | 911 ||| SHOPLISTING shiny ring mail (182 gold, have 0).
   911 | D:2      | 911 ||| SHOPLISTING shiny troll leather armour (468 gold,
                  | have 0).
   964 | D:2      | Found Qecut's Book Boutique.
   973 | D:2      | 973 ||| UPGRADING to +0 leather armour.
   983 | D:2      | 983 ||| DROPPING +0 robe.
  1153 | D:2      | Found a faded altar of an unknown god.
  1155 | D:2      | Noticed Sigmund
  1157 | D:2      | 1157 ||| Stepping ~*~*~tactically~*~*~ (outnumbered).
  1161 | D:2      | HP: 6/29 [Sigmund/+1 scythe of flaming (2)]
  1162 | D:2      | Slain by a kobold

Levels and vault maps discovered:
D:1:      scummos_arrival_checkerplants, layout_basic, nrook_loot_triangle
D:2:      layout_loops_corners, shapermc_ecumenical_altar_venn, serial_shops,
          shop, shop_statue, nicolae_book_shop_shelving, uniq_sigmund

Skill      XL: |  1  2 |
---------------+-------+-----
Ranged Weapons | 3 |  3.1
Fighting       | 4 |  4.2
Dodging        | |  1.5
Spellcasting   | |  1.0
Hexes          | |  2.6

Action                     |  1- 3 |  4- 6 || total
---------------------------+-------+-------++-------
   Fire: Sling             |    41 |    18 ||    59
    Use: Scroll            |     4 |       ||     4
 Armour: Robe              |     2 |       ||     2
         Leather armour    |       |     2 ||     2
  Dodge: Dodged            |     9 |     3 ||    12

Table legend:
 A = Non-vault XP
 B = Vault XP
 C = Vault XP percentage of total XP
 D = Non-vault monster count
 E = Vault monster count
 F = Vault count percentage of total count
                 A         B        C        D         E       F
            +---------+---------+-------+---------+---------+-------
      Total |     157 |       0 |   0.0 |      23 |       0 |   0.0
            +---------+---------+-------+---------+---------+-------
        D:1 |      23 |       0 |   0.0 |      12 |       0 |   0.0
        D:2 |     134 |       0 |   0.0 |      11 |       0 |   0.0
            +---------+---------+-------+---------+---------+-------
